 Dungeon Crawl Stone Soup version 0.28.0 (webtiles) character file.

Game seed: 14748510695017709041

2916 MacCMillion the Cleaver (level 9, 0/115 (121) HPs)
             Began as a Hill Orc Fighter on Feb 10, 2022.
             Was a Follower of Makhleb.
             Succumbed to a hornet's poison
             ... on level 8 of the Dungeon.
             The game lasted 00:21:23 (9503 turns).

MacCMillion the Cleaver (Hill Orc Fighter)          Turns: 9503, Time: 00:21:24

HP:   0/115 (121)   AC:  9    Str: 22 (23) XL:     9   Next: 79%
MP:   14/14         EV:  9    Int: 10 (12) God:    Makhleb [*.....]
Gold: 371           SH:  4    Dex:  9 (10) Spells: 8/8 levels left

rFire   . . .      SeeInvis .   D - +3 hand axe
rCold   . . .      Faith    .   c - +0 buckler
rNeg    + . .      Spirit   .   b - +0 scale mail
rPois   .          Reflect  .   (no helmet)
rElec   .          Harm     .   d - +0 cloak
rCorr   +          Rampage  .   l - +0 pair of gloves
Will    +....                   (no boots)
Stlth   ..........              A - amulet of magic regeneration
HPRegen 0.29/turn               n - ring of willpower
MPRegen 0.54/turn               y - ring "Omeis" {rN+ rCorr Int+4}

@: brilliant, berserking, lethally poisoned (0 -> -12), slowed, lightly drained
A: no striking features
a: Renounce Religion


You were on level 8 of the Dungeon.
You worshipped Makhleb.
Makhleb was aware of your devotion.
You visited 2 branches of the dungeon, and saw 9 of its levels.

You collected 371 gold pieces.

Inventory:

Hand Weapons
 a - a +0 war axe
 D - a +3 hand axe (weapon)
Missiles
 q - 10 poisoned darts
 w - 4 boomerangs (quivered)
Armour
 b - a +0 scale mail (worn)
 c - a +0 buckler (worn)
 d - a +0 cloak (worn)
 l - a +0 pair of gloves (worn)
Jewellery
 n - a ring of willpower (left hand)
 y - the ring "Omeis" (right hand) {rN+ rCorr Int+4}
   (You found it on level 5 of the Dungeon)

   [ring of resist corrosion]

   Int:       It affects your intelligence (+4).
   rN:        It protects you from negative energy.
   rCorr:     It protects you from acid and corrosion.
 z - a ring of ice
 A - an amulet of magic regeneration (around neck)
 B - a ring of protection from cold
 C - a ring of magical power
Wands
 p - a wand of acid (7)
 v - a wand of digging (5)
Scrolls
 g - 3 scrolls of enchant armour {unknown}
 j - 2 scrolls of fog {unknown}
 m - a scroll of immolation
 o - 2 scrolls of amnesia {unknown}
 r - 4 scrolls of teleportation {unknown}
 s - a scroll of enchant weapon
 t - 2 scrolls of magic mapping {unknown}
 u - a scroll of brand weapon
Potions
 e - 3 potions of degeneration
 f - 3 potions of lignification
 h - a potion of berserk rage
 x - 2 potions of mutation


   Skills:
 + Level 8.2 Fighting
 * Level 11.8 Axes
 - Level 3.0 Throwing
 - Level 5.0 Armour
 - Level 4.0 Shields
 + Level 6.9 Invocations


You had 8 spell levels left.
You didn't know any spells.
Your spell library contained the following spells:

 Spells                   Type           Power      Damage    Failure   Level
 Freeze                   Ice            0%         1d3       77%         1
 Slow                     Hex            0%         N/A       77%         1
 Ensorcelled Hibernation  Hex/Ice        0%         N/A       88%         2
 Passwall                 Tmut/Erth      0%         N/A       88%         2
 Scorch                   Fire           0%         2d5       88%         2
 Confusing Touch          Hex            0%         N/A       98%         3
 Frozen Ramparts          Ice            0%         1d2       98%         3
 Inner Flame              Hex/Fire       0%         N/A       98%         3
 Ozocubu's Armour         Ice            0%         N/A       98%         3
 Swiftness                Air            0%         N/A       98%         3
 Vampiric Draining        Necr           0%         2d6       98%         3
 Cause Fear               Hex            0%         N/A       100%        4
 Flame Wave               Conj/Fire      0%         2d4       100%        4
 Hailstorm                Conj/Ice       0%         3d3       100%        4
 Summon Cactus Giant      Summ           0%         N/A       100%        6
 Ozocubu's Refrigeration  Ice            0%         4d5       100%        7
 Discord                  Hex            0%         N/A       100%        8


Dungeon Overview and Level Annotations

Branches:
Dungeon (8/15)             Temple (1/1) D:4
   Lair: D:8-11

Altars:
Cheibriados
Fedhas
Hepliaklqana
Kikubaaqudgha
Makhleb
Okawaru
Qazlal
Sif Muna
Uskayaw
Vehumet
Wu Jian
Yredelemnul
Zin
The Shining One

Shops:
D:6 *

Annotations:
D:2 1 runed translucent door, Crazy Yiuf
D:4 Edmund, Ijyb
D:7 2 transporters, brob1's ghost, novice MiBe


Message History

You are more poisoned.
You feel as though you will be slow longer.
It was a potion of degeneration.
There was something very wrong with that liquid.
You feel weakened.
You feel dopey.
You feel clumsy.
You feel very sick. The hornet stings you!
* * * LOW HITPOINT WARNING * * *
You are lethally poisoned!
You feel as though you will be slow longer.
The hornet stings you but does no damage.
It was a potion of brilliance.
You feel clever all of a sudden.
* * * LOW HITPOINT WARNING * * *
You feel extremely sick. You block the hornet's attack.
The hornet stings you but does no damage.
It was a potion of curing.
You feel better. The hornet closely misses you. The hornet barely misses you.
Okay, then.
A red film seems to cover your vision as you go berserk!
You feel yourself moving faster!
You feel mighty! The hornet stings you!
* * * LOW HITPOINT WARNING * * *
You feel as though you will be slow longer.
You block the hornet's attack.
An electric eel comes into view.
The hornet stings you!
* * * LOW HITPOINT WARNING * * *
You feel as though you will be slow longer.
You miss the hornet.
The hornet is lightly wounded.
The hornet stings you but does no damage.
You barely miss the hornet.
The hornet is lightly wounded.
The hornet stings you!
* * * LOW HITPOINT WARNING * * *
You are lethally poisoned!
You feel as though you will be slow longer.
You barely miss the hornet.
The hornet is lightly wounded.
You die...

≈≈≈≈. S≈≈≈.####
≈S....## ≈>....#
#....# ≈ #....#
≈≈≈ #....#
≈≈S..####y######
≈.........@....#
≈≈....########.#
≈$S.. #.# ≈≈..
#.# ... #.# ./
#.# . #[# #.#
#.#


You could see a hornet and an electric eel.

Vanquished Creatures
  5 yaks
  A wyvern (D:6)
  A water moccasin (D:7)
  Duvessa (D:4)
  An ice beast (D:6)
  A sky beast (D:5)
  2 ogres
  A necrophage (D:6)
  A phantom (D:4)
  2 bullfrogs
  A scorpion (D:5)
  A water moccasin zombie (D:6)
  A wyvern skeleton (D:7)
  Dowan (D:4)
  2 water moccasin skeletons
  3 wights
  3 killer bees (D:8)
  2 howler monkeys
  2 bullfrog zombies
  2 hounds
  A bullfrog skeleton (D:7)
  A centaur skeleton (D:4)
  A jelly (D:6)
  2 orc wizards (D:7)
  An iguana (D:4)
  A howler monkey zombie (D:5)
  8 adders
  A howler monkey skeleton (D:2)
  A white imp (D:5)
  15 worms
  5 dart slugs
  5 orcs
  7 bats
  9 endoplasms
  6 giant cockroaches
  11 goblins
  15 hobgoblins
  3 jackals (D:1)
  16 kobolds
  9 quokkas
  9 ball pythons
  2 frilled lizards (D:3)
  6 rats
169 creatures vanquished.

Vanquished Creatures (others)
  2 plants (D:7)
2 creatures vanquished.

Grand Total: 171 creatures vanquished

Notes
Turn   | Place    | Note
-------+----------+-------------------------------------------
     0 | D:1      | MacCMillion the Hill Orc Fighter began the quest for the
                  | Orb.
     0 | D:1      | Reached XP level 1. HP: 19/19 MP: 1/1
    69 | D:1      | Reached XP level 2. HP: 27/27 MP: 2/2
    86 | D:1      | Reached skill level 3 in Axes
   513 | D:1      | Reached XP level 3. HP: 33/33 MP: 3/3
   796 | D:1      | Found a faded altar of an unknown god.
   921 | D:2      | Reached XP level 4. HP: 39/40 MP: 4/4
  1860 | D:2      | Reached skill level 4 in Axes
  2007 | D:2      | Found a runed translucent door.
  2008 | D:2      | Noticed Crazy Yiuf
  2389 | D:3      | Reached XP level 5. HP: 41/47 MP: 5/5
  2591 | D:3      | You fall into a shaft and drop 3 floors!
  2621 | D:6      | Reached skill level 5 in Fighting
  2647 | D:5      | Entered Level 5 of the Dungeon
  2780 | D:5      | Noticed an ogre
  2787 | D:4      | Noticed a phantom
  2801 | D:4      | Killed a phantom
  2802 | D:4      | Reached skill level 5 in Axes
  2802 | D:4      | Reached skill level 5 in Armour
  2802 | D:4      | Reached XP level 6. HP: 43/56 MP: 6/6
  2976 | D:3      | Reached skill level 6 in Axes
  3227 | D:3      | Found a snail-covered altar of Cheibriados.
  3851 | D:4      | Found a staircase to the Ecumenical Temple.
  3864 | Temple   | Entered the Ecumenical Temple
  3935 | Temple   | Became a worshipper of Makhleb the Destroyer
  4168 | D:4      | Found an ornate altar of the Wu Jian Council.
  4246 | D:4      | Noticed Ijyb
  4249 | D:4      | Noticed Edmund
  4714 | D:5      | Noticed a sky beast
  4953 | D:4      | Noticed Duvessa
  4958 | D:4      | Noticed Dowan
  4968 | D:4      | Killed Duvessa
  4969 | D:4      | Reached skill level 7 in Axes
  4969 | D:4      | Reached skill level 1 in Invocations
  4969 | D:4      | Reached XP level 7. HP: 42/61 MP: 6/8
  4976 | D:4      | Killed Dowan
  5519 | D:5      | Reached skill level 8 in Axes
  5542 | D:5      | Reached XP level 8. HP: 52/70 MP: 10/10
  5638 | D:5      | Found a stormy altar of Qazlal.
  5645 | D:5      | Identified the ring "Omeis" {rN+ rCorr Int+4}
  5720 | D:5      | Found a blossoming altar of Fedhas.
  6095 | D:6      | Found a radiant altar of Vehumet.
  6209 | D:6      | Noticed a yak
  6210 | D:6      | Noticed a yak
  6211 | D:6      | Noticed a yak
  6211 | D:6      | Noticed a yak
  6212 | D:6      | Noticed a yak
  6231 | D:6      | Reached * piety under Makhleb
  6232 | D:6      | Reached skill level 9 in Axes
  6232 | D:6      | Reached skill level 1 in Throwing
  6583 | D:6      | Found Munimn's Assorted Antiques.
  6608 | D:6      | Noticed a wyvern
  6764 | D:5      | Killed a yak
  6816 | D:5      | Killed a yak
  6817 | D:5      | Reached skill level 5 in Invocations
  6921 | D:5      | Killed a yak
  6922 | D:5      | Reached skill level 10 in Axes
  6922 | D:5      | Reached XP level 9. HP: 14/79 MP: 11/13
  7975 | D:6      | Found a glowing golden altar of the Shining One.
  8256 | D:7      | Reached skill level 11 in Axes
  8730 | D:7      | Noticed brob1's ghost (novice MiBe)
  8731 | D:7      | Noticed a queen bee
  8732 | D:7      | Noticed a hornet
  8818 | D:7      | Found a transporter.
  8833 | D:7      | Found a transporter.
  9485 | D:8      | Noticed a hornet
  9502 | D:8      | HP: 3/115 [hornet (13)]
  9503 | D:8      | Succumbed to a hornet's poison

Illustrated notes

Levels and vault maps discovered:
D:1:      dpeg_arrival_tiny_a, layout_rooms, shapermc_ecumenical_altar_venn
D:2:      layout_basic, kennysheep_generic_room_5, uniq_crazy_yiuf_cottage
D:3:      minmay_general_purpose_star, layout_rooms, slow_altar_2, minivault_5
D:4:      minmay_opposing_rooms, layout_cave_pools,
          mainiacjoe_overflow_cross_hatched, minmay_temple_entry_wispy,
          uniq_duvessa, uniq_edmund, uniq_ijyb
D:5:      layout_rooms, nicolae_qazlal_scattered_showers,
          mainiacjoe_overflow_chevrons, nicolae_wormholes
D:6:      layout_rooms, tso_altar, lemuel_round_altar, serial_shops, shop,
          minivault_23, minmay_misc_feat_room
D:7:      corexii_shack_village, layout_gridville, gammafunk_ghost_hive
D:8:      layout_basic, nicolae_overflow_hidden_temple, kennysheep_mini,
          erik_lair_island, minmay_misc_feat_ornament, uniq_joseph
Temple:   dpeg_three_leaves_temple

Skill      XL: |  1  2  3  4  5  6  7  8  9 |
---------------+----------------------------+-----
Axes           | 3 4 5 7 8 10 11 | 11.8
Fighting       | 4 5 6 7 8 |  8.2
Armour         | 4 5 |  5.0
Shields        | 4 |  4.0
Invocations    | 1 3 5 6 |  6.9
Throwing       | 2 3 |  3.0

Action                   |  1- 3 |  4- 6 |  7- 9 || total
-------------------------+-------+-------+-------++-------
Melee: War axe           |    75 |   236 |   279 ||   590
       Hand axe          |       |       |    17 ||    17
Throw: Dart              |       |       |    12 ||    12
       Boomerang         |       |       |    10 ||    10
  Use: Potion            |       |     1 |     4 ||     5
       Scroll            |       |       |     6 ||     6
Armor: Scale mail        |    43 |    85 |   120 ||   248
Dodge: Dodged            |    41 |   103 |   115 ||   259
Block: Buckler           |    18 |    61 |    65 ||   144
